 Dungeon Crawl Stone Soup version 0.21.1-1-g345015f (webtiles) character file.

228 goulibeur the Unweaver (level 5, -2/42 HPs)
             Began as a Demonspawn Abyssal Knight on July 3, 2018.
             Was a Follower of Lugonu.
             Slain by an iguana (8 damage)
             ... on level 5 of the Dungeon.
             The game lasted 00:12:36 (3852 turns).

goulibeur the Unweaver (Demonspawn Abyssal Knight)  Turns: 3852, Time: 00:12:37

Health: -2/42      AC: 14    Str: 13    XL:     5   Next: 70%
Magic:  8/8        EV:  1    Int: 13    God:    Lugonu [*.....]
Gold:   248        SH:  7    Dex: 13    Spells: 4/4 levels left

rFire    . . .     SeeInvis .   o - +1 long sword
rCold    . . .     Gourm    .   c - +0 shield
rNeg     . . .     Faith    .   t - +0 plate armour
rPois    +         Spirit   .   g - +1 helmet
rElec    .         Reflect  .   (no cloak)
rCorr    .         Harm     .   (no gloves)
MR       .....                  v - +0 pair of boots
Stlth    ..........             (no amulet)
HPRegen  0.14/turn              d - ring of poison resistance
MPRegen  0.11/turn              (no ring)

@: no status effects
A: nightstalker 1, powered by death 1
a: Depart the Abyss, Renounce Religion


You were on level 5 of the Dungeon.
You worshipped Lugonu.
Lugonu was aware of your devotion.
You were not hungry.

You visited 1 branch of the dungeon, and saw 5 of its levels.
You visited the Abyss 1 time.

You collected 248 gold pieces.

Inventory:

Hand Weapons
 o - a +1 long sword (weapon)
Armour
 c - a +0 shield (worn)
 g - a +1 helmet (worn)
 t - a +0 plate armour (worn)
 v - a +0 pair of boots (worn)
Jewellery
 d - a ring of poison resistance (left hand)
 q - an uncursed amulet of rage
Wands
 y - a wand of paralysis (16)
Scrolls
 e - a scroll of remove curse
 f - 3 scrolls of enchant armour
 h - a scroll of fog
 l - 3 scrolls of amnesia
 r - 2 scrolls of teleportation
Potions
 i - a potion of lignification
 k - a potion of might
 p - 2 potions of heal wounds
 u - a potion of brilliance
 x - 2 potions of invisibility
 A - a potion of flight
 B - 2 potions of curing
 C - a potion of resistance {unknown}


   Skills:
 + Level 3.8 Fighting
   Level 1.7 Short Blades
 + Level 2.7 Armour
 + Level 2.2 Dodging
 + Level 1.2 Shields
 * Level 5.1 Invocations


You had 4 spell levels left.
You didn't know any spells.

Dungeon Overview and Level Annotations

Branches:
Dungeon (5/15)             Temple (0/1) D:4

Altars:
Elyvilon
Nemelex Xobeh
Yredelemnul
Zin
The Shining One

Annotations:
D:3 wojtek's ghost, amateur MiFi
D:4 HelloWorld's ghost, amateur DrFE


Innate Abilities, Weirdness & Mutations

You are slightly more attuned to the shadows.
You regenerate a little health from kills.


Message History

The ogre hits you but does no damage.
You slash the ogre!
The ogre is severely wounded.
The ogre hits you with a giant spiked club! x2
* * * LOW HITPOINT WARNING * * *
The iguana bites you but does no damage.
You hit the iguana.
The iguana is moderately wounded.
The iguana bites you but does no damage.
You hit the iguana.
The iguana is heavily wounded.
The iguana bites you but does no damage.
You block the iguana's attack.
You closely miss the iguana.
The iguana is heavily wounded.
You block the iguana's attack.
You closely miss the iguana.
The iguana is heavily wounded.
The iguana bites you!
You die...

?..# ##... .... #..#
#..# #.O# . #.# .. ###
####.#####.###
.[.##.##
#....Ol@......
#.#...###>###.########
#.............#
###...###.#####
.####..###.#
...........#
.####..##### #.....#
#.###.#


You could see an ogre and an iguana.

Vanquished Creatures
  An ice beast (D:5)
  A bullfrog zombie (D:5)
  A jelly (D:5)
  An adder (D:4)
  A shadow imp (D:5)
  A worm (D:3)
  3 dart slugs
  A leopard gecko (D:4)
  2 orcs
  4 bats
  2 giant cockroaches
  6 goblins
  8 hobgoblins
  6 kobolds
  3 frilled lizards
  A jackal skeleton (D:5)
  A leopard gecko skeleton (D:4)
  2 rats
45 creatures vanquished.

Notes
Turn   | Place    | Note
-------+----------+-------------------------------------------
     0 | Abyss:1  | goulibeur the Demonspawn Abyssal Knight began the quest for the Orb.
     0 | Abyss:1  | Reached XP level 1. HP: 18/18 MP: 2/2
    33 | Abyss:1  | Noticed a tentacled starspawn
    33 | D:1      | Escaped the Abyss
    63 | D:1      | Reached skill level 1 in Dodging
   133 | D:1      | Reached * piety under Lugonu
   167 | D:1      | Reached skill level 3 in Invocations
   167 | D:1      | Gained mutation: You regenerate a little health from kills. [demonic ancestry]
   167 | D:1      | Reached XP level 2. HP: 22/24 MP: 2/4
   794 | D:2      | Reached XP level 3. HP: 24/29 MP: 5/5
  1190 | D:2      | Found a glowing silver altar of Zin.
  1400 | D:2      | Found a glowing golden altar of the Shining One.
  1437 | D:2      | Found a basalt altar of Yredelemnul.
  1530 | D:2      | Found a white marble altar of Elyvilon.
  2147 | D:3      | Found a sparkling altar of Nemelex Xobeh.
  2171 | D:3      | Noticed wojtek's ghost (amateur MiFi)
  2331 | D:4      | Noticed HelloWorld's ghost (amateur DrFE)
  3082 | D:4      | Found a staircase to the Ecumenical Temple.
  3418 | D:5      | Entered Level 5 of the Dungeon
  3420 | D:5      | Noticed an ice beast
  3443 | D:5      | Killed an ice beast
  3443 | D:5      | Reached skill level 4 in Invocations
  3443 | D:5      | Reached XP level 4. HP: 9/36 MP: 5/7
  3443 | D:5      | Gained mutation: You are slightly more attuned to the shadows. [demonic ancestry]
  3443 | D:5      | Reached XP level 5. HP: 11/41 MP: 5/8
  3682 | D:5      | Paralysed by an orc for 6 turns
  3700 | D:5      | Reached skill level 1 in Shields
  3740 | D:5      | Reached skill level 5 in Invocations
  3836 | D:5      | Noticed an ogre
  3852 | D:5      | Slain by an iguana

Skill      XL: |  1  2  3  4  5 |
---------------+----------------+-----
Dodging        | 1 2 |  2.2
Invocations    | 3 4 5 |  5.1
Armour         | 2 |  2.7
Shields        | 1 |  1.2
Fighting       | |  3.8
Short Blades   | |  1.7

Action                   |  1- 3 |  4- 6 || total
-------------------------+-------+-------++-------
Melee: Short sword       |    75 |       ||    75
       Long sword        |   109 |    31 ||   140
Invok: Depart the Abyss  |     1 |       ||     1
  Use: Scroll            |       |    17 ||    17
 Stab: Distracted        |       |     1 ||     1
  Eat: Ration            |     2 |     1 ||     3
       Chunk             |     1 |       ||     1
Armor: Leather armour    |    19 |       ||    19
       Plate armour      |    95 |    25 ||   120
Dodge: Dodged            |    50 |       ||    50
Block: Shield            |    16 |     7 ||    23
       Rpst.: Long sword |     2 |       ||     2
